 Dungeon Crawl Stone Soup version 0.17-a0-1763-g847a857 (webtiles) character file.

300 Gorice the Slasher (level 6, -2/47 HPs)
             Began as a Mummy Berserker on Sept 5, 2015.
             Was a Priest of Trog.
             Slain by an orc (4 damage)
             ... on level 3 of the Dungeon.
             The game lasted 00:13:05 (5219 turns).

Gorice the Slasher (Mummy Berserker)                Turns: 5219, Time: 00:13:05

Health: -2/47      AC: 15    Str: 20    XL:     6   Next: 13%
Magic:  6/6        EV:  6    Int:  7    God:    Trog [***...]
Gold:   179        SH:  0    Dex: 13    Spells: 0 memorised, 5 levels left

rFire  x . .     SeeInvis .     a - +0 falchion
rCold  + . .     Clarity  .     k - +0 plate armour
rNeg   + + +     SustAt   .     (no shield)
rPois  ∞         Gourm    .     l - +2 helmet
rElec  .         Spirit   .     n - +0 cloak
rCorr  .         Warding  .     (no gloves)
rMut   .         Stasis   .     (no boots)
MR     .....                    (no amulet)
Stlth  ..........               (no ring)
                                (no ring)

@: not resistant to hostile enchantments, extremely unstealthy
A: no food or potions, fire vulnerability, cold resistance 1, negative energy
resistance 3, torment resistance, unbreathing
a: Burn Spellbooks, Trog's Hand, Renounce Religion


You were on level 3 of the Dungeon.
You worshipped Trog.
Trog was most pleased with you.
You were not hungry.

You visited 1 branch of the dungeon, and saw 4 of its levels.

You collected 179 gold pieces.

Inventory:

Hand weapons
 a - a +0 falchion (weapon)
Missiles
 c - 23 sling bullets
 j - 11 bolts
 m - 50 poisoned needles
 Z - 215 stones (quivered)
Armour
 b - a +0 animal skin
 g - a +0 leather armour
 k - a +0 plate armour (worn)
 l - a +2 helmet (worn)
 n - a +0 cloak (worn)
Scrolls
 d - a scroll of enchant armour
 e - a scroll of teleportation {!r}
 f - 2 scrolls of magic mapping {!r}
 i - 2 scrolls of remove curse
 o - 2 scrolls of identify


   Skills:
 - Level 3.0 Fighting
 * Level 5.2 Long Blades
 + Level 2.7 Armour
 - Level 1.5 Dodging


You had 5 spell levels left.
You didn't know any spells.

Dungeon Overview and Level Annotations

Branches:
Dungeon (4/15)
 Temple: D:4-7

Altars:
Sif Muna
Vehumet
Zin

Shops:
D:2 *

Annotations:
D:4 kae's ghost, experienced HOFi


Innate Abilities, Weirdness & Mutations

You do not eat or drink.
Your flesh is vulnerable to fire.
You are immune to poison.
Your flesh is cold resistant.
You are immune to negative energy.
You are immune to unholy pain and torment.
You can survive without breathing.


Message History

The orc priest is lightly wounded.
The orc hits you with a flail. The orc barely misses you.
The orc priest closely misses you. The orc hits you.
The orc completely misses you. The orc barely misses you.
Damage: 4 (max 4) Unknown command.
You hit the orc priest.
The orc priest is lightly wounded.
The orc priest hits you but does no damage.
The orc hits you but does no damage. x2
The orc barely misses you. x2
The orc priest hits you but does no damage.
You slash the orc priest!
The orc priest is severely wounded.
The orc hits you but does no damage. The orc priest closely misses you.
The orc hits you but does no damage. x3
Unknown command.
You barely miss the orc priest.
The orc priest is severely wounded.
The orc priest hits you but does no damage.
The orc hits you but does no damage. The orc barely misses you.
The orc hits you but does no damage. The orc barely misses you.
The orc priest hits you but does no damage.
Unknown command.
You hit the orc priest.
The orc priest is almost dead.
The orc barely misses you. The orc hits you but does no damage.
The orc priest hits you but does no damage.
The orc hits you but does no damage. x2
The orc hits you with a flail.
Damage: 3 (max 4)
You closely miss the orc priest.
The orc priest is almost dead.
The orc priest calls down the wrath of Beogh upon you.
Something smites you! The orc hits you but does no damage.
The orc hits you but does no damage. The orc hits you with a flail.
The orc hits you but does no damage.
The orc priest invokes the aid of Beogh against you.
Something smites you!
* * * LOW HITPOINT WARNING * * *
Damage: 29 (max 29)
You hit the orc priest.
The orc priest is almost dead.
You feel yourself speed up. The orc hits you but does no damage.
The orc priest hits you but does no damage.
The orc hits you.
* * * LOW HITPOINT WARNING * * *
The orc barely misses you. The orc hits you.
You die...

####.............####...)........
#..####.#.#.#.#.##...#.##.####
#..# #.#...#.#.##...#.##.# #..#
#.#.#.#.#..#..)#.##.#### #..#
#.....#.#..#...#.##..... #..#
#.....#.#......#.##.#### #..#
#.....#.#......#.##..... #..#
#.....#o#......#.##.##.#
####..####.....#@o...............
...............#oo......#.##....#
####...........#.................
#...###..............#.##.####
#...#.........................
#...#.#.....####..#..#.######.
#...#.#.......................
####.....###..<##.#.#.#.#.#####.#
..........................##.....


You could see an orc priest and 3 orcs.

Vanquished Creatures
  A scorpion (D:3)
  A hound (D:4)
  An orc wizard (D:3)
  A worker ant (D:3)
  3 gnolls
  3 adders (D:2)
  3 worms
  2 giant geckos
  12 orcs
  5 giant cockroaches
  11 hobgoblins
  12 jackals
  11 kobolds
  A quokka (D:2)
  A ball python (D:3)
  3 bats
  5 giant newts
  8 goblins
  8 rats
92 creatures vanquished.

Notes
Turn   | Place    | Note
--------------------------------------------------------------
     0 | D:1      | Gorice the Mummy Berserker began the quest for the Orb.
     0 | D:1      | Reached XP level 1. HP: 18/18 MP: 1/1
    25 | D:1      | HP: 5/18 [rat (3)]
   106 | D:1      | Reached XP level 2. HP: 12/24 MP: 2/2
   315 | D:1      | Reached skill level 3 in Long Blades
  1127 | D:2      | Found Zin's Purification Station.
  1129 | D:2      | Found a glowing silver altar of Zin.
  1146 | D:2      | Acquired Trog's second power
  1384 | D:2      | Reached XP level 3. HP: 18/29 MP: 3/3
  1581 | D:2      | Found a radiant altar of Vehumet.
  2412 | D:2      | Reached skill level 4 in Long Blades
  2444 | D:2      | --plate and +1 helm on D2!
  2741 | D:2      | Reached XP level 4. HP: 16/35 MP: 4/4
  3413 | D:2      | Reached skill level 2 in Armour
  3772 | D:3      | Found a deep blue altar of Sif Muna.
  3907 | D:3      | Reached XP level 5. HP: 39/41 MP: 5/5
  4102 | D:3      | HP: 10/41 [gnoll/halberd (6)]
  4547 | D:4      | Noticed kae's ghost (experienced HOFi)
  4634 | D:3      | Reached skill level 5 in Long Blades
  4918 | D:4      | Reached XP level 6. HP: 47/47 MP: 6/6
  5218 | D:3      | HP: 4/47 [orc priest/divine providence (11)]
  5219 | D:3      | Slain by an orc

Vault maps used:
D:1:      dpeg_arrival_pond
D:2:      zin_purify, nicolae_overflow_crystal_walls, grunt_ministairs_2,
          minmay_close_crescents
D:3:      lemuel_blue_sif_altar, minmay_bisected

Action                   |  1- 3 |  4- 6 || total
-------------------------+-------+-------++-------
Melee: Falchion          |   174 |   232 ||   406
Throw: Stone             |    31 |    46 ||    77
Invok: Trog's Hand       |       |     1 ||     1
  Use: Scroll            |     4 |     1 ||     5

Table legend:
 A = Turns spent in this place as a percentage of turns spent in the entire game.
 B = Non-inter-level travel turns spent in this place as a percentage of non-inter-level travel turns spent in the entire game.
 C = Inter-level travel turns spent in this place as a percentage of turns spent in this place.
 D = Turns resting spent in this place as a percentage of non-inter-level travel turns spent in this place.
 E = Turns spent auto-exploring this place as a percentage of non-inter-level travel turns spent in this place.
 F = Non-inter-level travel turns spent in this place divided by the number of levels of this place that you've seen.
                   A       B       C       D       E      F
               +-------+-------+-------+-------+-------+----------------------
         Total | 100.0 | 100.0 |   1.0 |   3.6 |   6.5 | 344.2
       Dungeon | 100.0 | 100.0 |   1.0 |   3.6 |   6.5 | 344.2
               +-------+-------+-------+-------+-------+----------------------

Vault maps used:
D:1:      dpeg_arrival_pond
D:2:      zin_purify, nicolae_overflow_crystal_walls, grunt_ministairs_2,
          minmay_close_crescents
D:3:      lemuel_blue_sif_altar, minmay_bisected
